 Dungeon Crawl Stone Soup version 0.29-a0-82-g837932c90e (webtiles) character file.

Game seed: 5915564053945920058

131 HallandMoats the Skirmisher (level 5, -10/47 HPs)
             Began as a Ghoul Monk on Feb 5, 2022.
             Was an Initiate of Ashenzari.
             Mangled by a gnoll (15 damage)
             ... on level 3 of the Dungeon.
             The game lasted 00:02:49 (2334 turns).

HallandMoats the Skirmisher (Ghoul Monk)            Turns: 2334, Time: 00:02:49

Health: -10/47     AC:  5    Str: 17    XL:     5   Next: 14%
Magic:  4/4        EV: 12    Int:  8    God:    Ashenzari [......]
Gold:   94         SH:  0    Dex: 15    Spells: 4/4 levels left

rFire   . . .      SeeInvis .     - Unarmed
rCold   + . .      Faith    .   (no shield)
rNeg    + + +      Spirit   .   i - +0 leather armour
rPois   ∞          Reflect  .   a - +2 hat of Ashenzari's Dogma {Will+ Int+3 Dex-2, Melee, Alch} (curse)
rElec   .          Harm     .   (no cloak)
rCorr   .          Rampage  .   (no gloves)
Will    +....                   (no boots)
Stlth   ++........              (no amulet)
HPRegen 0.00/turn               g - +6 ring of dexterity
MPRegen 0.09/turn               (no ring)

@: inhibited regen
A: claws 1, cold resistance 1, negative energy resistance 3, inhibited
regeneration, torment resistance 2
a: Renounce Religion, Shatter the Chains


You were on level 3 of the Dungeon.
You worshipped Ashenzari.
Ashenzari was noncommittal.
You visited 1 branch of the dungeon, and saw 3 of its levels.

You collected 94 gold pieces.

Inventory:

Armour
 a - the cursed +2 hat of Ashenzari's Dogma (worn) {Will+ Int+3 Dex-2, Melee, Alch}
   (You found it on level 2 of the Dungeon)

   Int:       It affects your intelligence (+3).
   Dex:       It affects your dexterity (-2).
   Will:      It increases your willpower.
   It has a curse which improves the following skills: Melee Combat: Short
   Blades, Long Blades, Axes, Maces & Flails, Polearms, Staves and Unarmed
   Combat.
   Alchemy:   Poison Magic and Transmutations.
 i - a +0 leather armour (worn)
Jewellery
 g - a +6 ring of dexterity (left claw)
Scrolls
 d - a scroll of enchant armour {unknown}
 f - a scroll of enchant weapon {unknown}
 h - a scroll of magic mapping {unknown}
Potions
 b - a potion of berserk rage {unknown}
 c - a potion of invisibility {unknown}
 e - a potion of degeneration {unknown}


   Skills:
 * Level 4.5 Fighting
 + Level 1.5 Armour
 + Level 3.2 Dodging
 - Level 2.1 Stealth
 * Level 4.3(4.8) Unarmed Combat


You had 4 spell levels left.
You didn't know any spells.
Your spell library contained the following spells:

 Spells                   Type           Power      Damage    Failure   Level
 Animate Skeleton         Necr           0%         N/A       45%         1
 Apportation              Tloc           0%         N/A       45%         1
 Summon Small Mammal      Summ           0%         N/A       45%         1
 Static Discharge         Conj/Air       0%         N/A       61%         2
 Dispel Undead            Necr           0%         3d6       99%         4
 Sticky Flame             Conj/Fire      0%         2d3       99%         4


Dungeon Overview and Level Annotations

Branches:
Dungeon (3/15)

Altars:
Ashenzari


Innate Abilities, Weirdness & Mutations

You thrive by killing the living.
You are immune to poison.
You have sharp fingernails.
Your flesh is cold resistant. (rC+)
You are immune to negative energy. (rN+++)
You do not regenerate when monsters are visible.
You are immune to unholy pain and torment.


Message History

The gnoll is moderately wounded.
You claw the gnoll!
You kill the gnoll!
The gnoll hits you from afar with a +0 spear.
You have reached level 5!
You feel stronger. The gnoll hits you with a +0 spear. The gnoll misses you.
You see here a +0 whip.
You scratch the gnoll.
The gnoll is lightly wounded.
The gnoll hits you with a +0 spear. The gnoll hits you but does no damage.
You barely miss the gnoll.
The gnoll is lightly wounded.
The gnoll barely misses you. The gnoll closely misses you.
You closely miss the gnoll.
The gnoll is lightly wounded.
The gnoll closely misses you.
You scratch the gnoll.
The gnoll is heavily wounded.
The gnoll barely misses you. The gnoll misses you.
You barely miss the gnoll.
The gnoll is heavily wounded.
The gnoll hits you from afar with a +0 halberd.
The gnoll barely misses you.
You completely miss the gnoll.
The gnoll is heavily wounded.
The gnoll misses you. The gnoll closely misses you.
You barely miss the gnoll.
The gnoll is heavily wounded.
The gnoll hits you from afar with a +0 halberd.
You claw the gnoll!
You kill the gnoll!
The gnoll hits you from afar with a +0 halberd!
* * * LOW HITPOINT WARNING * * *
You swing at nothing.
The gnoll completely misses you.
You swing at nothing.
The gnoll hits you from afar with a +0 halberd.
* * * LOW HITPOINT WARNING * * *
The gnoll hits you from afar with a +0 halberd!
You die...

...##.###.#.### ......
.......... ...## ......
...^.....##.... ....##.
...........##.###.......
.........#.##...........
..............#...#....)
......#.#.............#
....................#
.......##....###@####.#
.......†.######.......#
......####...#..g.....#
#####....#...'..#.#####
# #....#...##.#.# #
#....######.#.# #
#...... #.#.# # #......#
#.#.# # ......####.#.#


You could see a gnoll.

Vanquished Creatures
  A scorpion (D:2)
  2 gnolls (D:3)
  A worm (D:2)
  A dart slug (D:1)
  5 ball pythons
  5 endoplasms
  2 giant cockroaches
  6 hobgoblins
  9 bats
  4 frilled lizards
  A goblin (D:1)
  4 kobolds (D:2)
  6 rats
47 creatures vanquished.

Notes
Turn   | Place    | Note
-------+----------+-------------------------------------------
     0 | D:1      | HallandMoats the Ghoul Monk began the quest for the Orb.
     0 | D:1      | Reached XP level 1. HP: 19/19 MP: 0/0
   163 | D:1      | Reached XP level 2. HP: 26/26 MP: 1/1
   517 | D:1      | Reached XP level 3. HP: 33/33 MP: 2/2
  1037 | D:2      | Reached skill level 1 in Armour
  1119 | D:2      | Identified the +2 hat of Culyu {Will+ Int+3 Dex-2}
  1215 | D:2      | Noticed a scorpion
  1230 | D:2      | Killed a scorpion
  1231 | D:2      | Reached XP level 4. HP: 22/40 MP: 3/3
  1568 | D:2      | Found a broken altar of Ashenzari.
  1739 | D:2      | Became a worshipper of Ashenzari the Shackled
  2311 | D:3      | Reached XP level 5. HP: 41/47 MP: 4/4
  2334 | D:3      | Mangled by a gnoll

Illustrated notes

Levels and vault maps discovered:
D:1:      co_arrival_random_square_maze, layout_loops_ring,
          kennysheep_pointless_box
D:2:      layout_basic, basic_altar, serial_corexii_hall,
          chequers_hall_statues_wall_a, corexii_hall_statues_s,
          corexii_hall_statues_t
D:3:      layout_basic, eino_tiny_chamber, uniq_ijyb

Skill      XL: |  1  2  3 |
---------------+----------+-----
Armour         | 1 |  1.5
Fighting       | 4 |  4.5
Dodging        | 3 |  3.2
Unarmed Combat | 4 |  4.3
Stealth        | |  2.1

Action                   |  1- 3 |  4- 6 || total
-------------------------+-------+-------++-------
Melee: Unarmed           |   109 |    35 ||   144
       Punch             |     2 |       ||     2
Invok: Curse Item        |       |     1 ||     1
 Stab: Sleeping          |     6 |       ||     6
Armor: Robe              |    29 |       ||    29
       Leather armour    |       |     6 ||     6
Dodge: Dodged            |    72 |    23 ||    95

Table legend: (Time is in decaauts)
 A = Elapsed time spent in this place.
 B = Non-inter-level travel time spent in this place.
 C = Inter-level travel time spent in this place.
 D = Time resting spent in this place.
 E = Time spent auto-exploring this place.
 F = Levels seen in this place.
 G = Mean time per level.
                   A        B        C        D        E       F      G
               +--------+--------+--------+--------+--------+-----+--------+
         Total |   2323 |   2223 |    100 |    111 |   1739 |   3 |  774.3 |
       Dungeon |   2323 |   2223 |    100 |    111 |   1739 |   3 |  774.3 |
               +--------+--------+--------+--------+--------+-----+--------+

Top non-repeatable levels by time:
     D:2: 1335 daAuts
     D:1: 805 daAuts
     D:3: 182 daAuts
